 Dungeon Crawl Stone Soup version 0.21-a0-185-g3a6ed1e (webtiles) character file.

41659 namelastname112 the Archer (level 13, 0/119 HPs)
             Began as a Pale Draconian Wanderer on Aug 12, 2017.
             Was an Initiate of Gozag.
             Hit by a large rock thrown by a cyclops (15 damage)
             ... on level 15 of the Dungeon.
             The game lasted 00:32:59 (18590 turns).

namelastname112 the Archer (DrWn)                  Turns: 18590, Time: 00:33:00

Health: 0/119      AC: 14    Str: 15    XL:     13   Next: 81%
Magic:  13/13      EV: 17    Int: 12    God:    Gozag
Gold:   4253       SH:  0    Dex: 11    Spells: 12/12 levels left

rFire    . . .     SeeInvis +   a - +0 longbow
rCold    + + .     Gourm    .   (shield currently unavailable)
rNeg     . . .     Faith    .   (armour unavailable)
rPois    +         Spirit   .   (helmet restricted)
rElec    .         Reflect  .   j - +1 cloak
rCorr    .         Harm     .   E - +0 pair of gloves
MR       +....                  A - +2 pair of boots "Favas" {rPois rC++ Dex-5}
Stlth    +.........             q - amulet of regeneration
HPRegen  0.69/turn              h - ring of see invisible
MPRegen  0.13/turn              k - ring of protection from magic

@: no status effects
A: breathe steam, unfitting armour, cold-blooded, AC +8
a: Breathe Steam, Potion Petition, Call Merchant, Bribe Branch, Renounce
Religion


You were on level 15 of the Dungeon.
You worshipped Gozag.
Gozag was most pleased with you.
You were hungry.

You visited 1 branch of the dungeon, and saw 15 of its levels.
You also visited: Ossuary.

You collected 4314 gold pieces.
You spent 49 gold pieces at shops.
You paid 12 gold pieces to Gozag.

Inventory:

Hand Weapons
 a - a +0 longbow (weapon)
 b - a +2 trident of piercing
 l - a +2 shortbow
Missiles
 y - 457 arrows (quivered)
Armour
 j - a +1 cloak (worn)
 A - the +2 pair of boots "Favas" (worn) {rPois rC++ Dex-5}
   (You found it on level 5 of the Dungeon)

   It affects your dexterity (-5).
   It greatly protects you from cold.
   It protects you from poison.
 E - a +0 pair of gloves (worn)
Jewellery
 h - a ring of see invisible (left hand)
 k - a ring of protection from magic (right hand)
 q - an amulet of regeneration (around neck)
 W - a cursed ring of wizardry
Wands
 c - a wand of iceblast (3/15)
 d - a wand of polymorph (15/24)
 g - a wand of iceblast (7/15)
 i - a wand of polymorph (9/24)
 r - a wand of polymorph (5/24)
 w - a wand of polymorph (5/24)
 J - a wand of acid (5/15)
 K - a wand of acid (2/15)
 L - a wand of lightning (6/15)
 N - a wand of acid (4/15)
 R - a wand of disintegration (10/24)
 S - a wand of random effects (18/48)
 U - a wand of flame (27/48)
Scrolls
 n - 10 scrolls of identify
 u - 2 scrolls of fog
 v - 2 scrolls of amnesia
 x - 5 scrolls of recharging
 B - 5 scrolls of teleportation
 C - 2 scrolls of enchant armour
 F - 4 scrolls of blinking
 Q - a scroll of remove curse
Potions
 e - 2 potions of agility
 m - 3 potions of lignification
 o - a potion of berserk rage
 p - a potion of brilliance
 s - 4 potions of flight
 t - 4 potions of curing
 H - 2 potions of haste
 I - a potion of invisibility
 P - a potion of mutation
Books
 z - a book of Necromancy

   Spells                             Type                      Level
   a - Pain                           Necromancy                   1
   b - Animate Skeleton               Necromancy                   1
   c - Vampiric Draining              Necromancy                   3
   d - Regeneration                   Charms/Necromancy            3
   e - Animate Dead                   Necromancy                   4
   f - Control Undead                 Necromancy                   4
 D - Kikubaaqudgha's Volume of Black Secrets
   (You found it on level 6 of the Dungeon)

   Spells                             Type                      Level
   a - Pain                           Necromancy                   1
 G - a book of Geomancy

   Spells                             Type                      Level
   a - Sandblast                      Earth                        1
   b - Passwall                       Transmutation/Earth          2
   c - Stone Arrow                    Conjuration/Earth            3
   d - Petrify                        Transmutation/Earth          4
   e - Lee's Rapid Deconstruction     Earth                        5
Comestibles
 f - 5 bread rations
 M - 2 royal jellies
 O - 3 meat rations


   Skills:
 + Level 12.3 Fighting
 + Level 11.0 Polearms
 * Level 13.9 Bows
 + Level 10.2 Dodging
   Level 1.0 Shields
 - Level 1.1 Evocations


You had 12 spell levels left.
You didn't know any spells.

Dungeon Overview and Level Annotations

Branches:
Dungeon (15/15)            Temple (0/1) D:6            Lair (0/6) D:9
    Orc (0/2) D:9          Vaults (0/5) D:13
 Depths: D:15

Altars:
Cheibriados
Fedhas
Gozag
Kikubaaqudgha
Nemelex Xobeh
Okawaru
Qazlal
Sif Muna
Uskayaw
Vehumet
Xom
Zin
The Shining One

Shops:
D:4 [   D:6 !   D:10 (

Portals:
Trove: D:13 (give 9 potions of haste)

Annotations:
D:12 exclusion: obsidian statue


Innate Abilities, Weirdness & Mutations

You can breathe blasts of scalding, opaque steam.
Your pale cyan-grey scales are hard. (AC +8)
You cannot fit into any form of body armour.
You are cold-blooded and may be slowed by cold attacks.


Message History

Press: ? - help, Shift-Dir - straight line, f/p - ettin
Aim: an ettin, wielding a dire flail of crushing and a dire flail (severely wounded)
You shoot an arrow. The arrow hits the ettin!
The ettin is almost dead.
The ettin hits you with a dire flail of crushing!!
The ettin hits you with a dire flail!!!
* * * LOW HITPOINT WARNING * * *
You take 58 damage, and have 9/119 hp.
MASSIVE DAMAGE!!
You are too injured to fight recklessly!
Firing (i - inventory):
y - 458 arrows (quivered)
Press: ? - help, Shift-Dir - straight line, f/p - ettin
Aim: an ettin, wielding a dire flail of crushing and a dire flail (almost dead)
You shoot an arrow. The arrow barely misses the ettin.
You have got your breath back.
The ettin completely misses you. The ettin misses you.
A cyclops comes into view.
The cyclops shouts!
The cyclops throws a large rock.
The large rock hits you!
You die...
Your body crumbles into a pile of gold.

..#.#...##.# ##
...#######)# ###########.
... #.# #........... ...
#.# ##.#########. ..# #(#
##...## ## . #.#
#######.....##
#.###...##.......#
##.##.....#.......#
#.....C.@.=.......### #
#...................# ##
#...........#.....#.# ##.
##........#.####....###..
......................(..
###[..##.##C.###.....###..
##..##.##..# #.#.#.# ##.
##....##..# #.###.# ## #.#
#.# #


You could see an ettin and a cyclops.

Vanquished Creatures
  4 vault guards (D:13)
  2 hydras
  Erica (D:9)
  9 two-headed ogres
  3 centaur warriors
  A death knight (D:14)
  A skeletal warrior (D:14)
  6 unseen horrors
  A phantasmal warrior (D:14)
  An ugly thing (D:13)
  2 cyclopes
  2 manticores
  2 deep elf magi
  Maurice (D:8)
  Psyche (D:10)
  2 gargoyles
  2 hellwings
  3 kobold demonologists
  A harpy zombie (D:15)
  A tengu conjurer (D:15)
  Prince Ribbit (D:5)
  4 trolls
  Grinder (D:4)
  A polar bear (D:9)
  3 hippogriffs
  3 slime creatures (D:15)
  Sigmund (D:2)
  A wyvern (D:13)
  A vampire (D:13)
  A wraith (D:14)
  15 yaks
  2 basilisks
  A golden eye (D:7)
  2 vampire mosquitoes (D:13)
  4 hungry ghosts
  2 soldier ants (D:11)
  A water moccasin (D:9)
  2 acid dragons (D:11)
  3 black bears
  9 orc warriors
  2 phantoms
  3 ice beasts (D:9)
  2 sky beasts
  10 ogres
  An eye of draining (D:14)
  18 centaurs
  3 wolves (D:9)
  2 crocodiles
  2 big kobolds
  Blork the orc (D:4)
  16 bullfrogs
  A gnoll sergeant (D:5)
  A wyvern zombie (D:10)
  A wyvern skeleton (D:14)
  6 scorpions
  A water moccasin skeleton (D:5)
  8 killer bees (D:10)
  6 crimson imps
  7 howler monkeys
  2 quasits
  9 centaur zombies
  4 hounds
  2 bullfrog skeletons (D:12)
  6 orc priests
  Crazy Yiuf (D:2)
  6 jellies
  11 orc wizards
  5 centaur skeletons
  An iguana (D:14)
  10 worker ants
  Natasha (thrice) (D:4)
  A killer bee zombie (D:7)
  A big kobold zombie (Ossuary)
  3 centaur simulacra
  8 mummies (Ossuary)
  A hound skeleton (D:6)
  2 worker ant zombies
  A howler monkey zombie (D:11)
  2 killer bee simulacra (D:9)
  11 gnolls
  12 adders
  A howler monkey skeleton (D:4)
  6 river rats (D:5)
  A hound simulacrum (D:9)
  11 shadow imps
  4 white imps (D:9)
  A worker ant simulacrum (D:9)
  3 ufetubi (D:9)
  7 oozes
  2 adder skeletons
  A worm (D:2)
  A dart slug (D:1)
  2 adder simulacra (D:9)
  6 leopard geckos
  42 orcs
  5 bats
  2 giant cockroaches
  7 goblins
  6 hobgoblins
  6 jackals
  15 kobolds
  5 quokkas
  2 ball pythons
  4 frilled lizards
  2 gnoll zombies (Ossuary)
  A hobgoblin zombie (Ossuary)
  A jackal zombie (D:7)
  A leopard gecko zombie (D:7)
  4 orc zombies (Ossuary)
  A quokka simulacrum (D:9)
  21 rats
468 creatures vanquished.

Notes
Turn   | Place    | Note
-------+----------+-------------------------------------------
     0 | D:1      | namelastname112 the Draconian Wanderer began the quest for the Orb.
     0 | D:1      | namelastname112 set off with: a +2 shortbow, 27 arrows, a potion of curing, a +0 spear, a bread ration
     0 | D:1      | Reached XP level 1. HP: 22/22 MP: 1/1
    32 | D:1      | p0werm0de: need new combo to snatch hs
    46 | D:1      | p0werm0de: muck is too hard
    49 | D:1      | Reached XP level 2. HP: 15/28 MP: 2/2
   185 | D:1      | namelastname112: mfak
   185 | D:1      | p0werm0de: Ds ive done too many
   220 | D:1      | p0werm0de: mhh
   269 | D:1      | p0werm0de: i have 2x aks alrdy
   295 | D:1      | p0werm0de: Ds and Op
   298 | D:1      | Reached skill level 3 in Bows
   323 | D:1      | p0werm0de: !hs * opak
   380 | D:1      | beem: 7393. p0werm0de the Sensei (L27 OpAK of Lugonu), escaped with the Orb and 15 runes on 2017-07-26 10:46:33, with 34805621 points after 42260 turns and 4:51:07.
   693 | D:2      | Reached skill level 1 in Dodging
   693 | D:2      | Reached XP level 3. HP: 15/34 MP: 3/3
   970 | D:2      | Found an opulent altar of Gozag.
   977 | D:2      | Became a worshipper of Gozag Ym Sagoz the Greedy
  1145 | D:2      | Found a glowing silver altar of Zin.
  1408 | D:2      | Noticed Sigmund
  1437 | D:2      | namelastname112: Sigmund appears from thin air!
  1437 | D:2      | namelastname112: fucking brilliant
  1457 | D:2      | Killed Sigmund
  1457 | D:2      | Reached skill level 5 in Fighting
  1457 | D:2      | Reached skill level 4 in Bows
  1457 | D:2      | Reached XP level 4. HP: 19/42 MP: 4/4
  1457 | D:2      | Reached XP level 5. HP: 22/48 MP: 5/5
  1803 | D:2      | Found a runed door.
  1988 | D:2      | Noticed Crazy Yiuf
  1996 | D:2      | Killed Crazy Yiuf
  2099 | D:3      | Reached XP level 6. HP: 24/56 MP: 6/6
  2498 | D:3      | HP: 1/56 [orc/trident (2)]
  3186 | D:3      | Reached skill level 5 in Bows
  3830 | D:3      | Found a sparkling altar of Nemelex Xobeh.
  3958 | D:4      | Your scales start taking on a pale cyan-grey colour.
  3958 | D:4      | Reached XP level 7. HP: 55/62 MP: 7/7
  3997 | D:4      | Noticed Blork the orc
  4004 | D:4      | Killed Blork the orc
  4020 | D:4      | Found an iron altar of Okawaru.
  4064 | D:4      | HP: 3/62 [poisoned by a scorpion]
  4070 | D:4      | HP: 1/62 [poisoned by a scorpion]
  4078 | D:4      | Noticed a dagger
  4078 | D:4      | HP: 1/62 [poisoned by a scorpion]
  4079 | D:4      | Noticed a dagger
  4086 | D:4      | HP: 1/62 [poisoned by a scorpion]
  4136 | D:4      | Noticed Natasha
  4150 | D:4      | Killed Natasha
  4467 | D:4      | Noticed Grinder
  4472 | D:4      | Paralysed by Grinder for 6 turns
  4478 | D:4      | Killed Grinder
  4755 | D:4      | Found Jananiugh's Armour Boutique.
  4926 | D:4      | Found a hide-covered altar of Uskayaw.
  4960 | D:4      | Reached skill level 6 in Bows
  4960 | D:4      | Reached XP level 8. HP: 48/71 MP: 8/8
  5171 | D:4      | Noticed Natasha
  5178 | D:4      | Killed Natasha
  5187 | D:4      | Noticed Natasha
  5195 | D:4      | Killed Natasha
  5396 | D:5      | Entered Level 5 of the Dungeon
  5850 | D:5      | Got a pair of dazzling boots
  5989 | D:5      | Identified the +2 pair of boots "Favas" {rPois rC++ Dex-5} (You found it on level 5 of the Dungeon)
  6322 | D:5      | Noticed Prince Ribbit
  6327 | D:5      | Killed Prince Ribbit
  6327 | D:5      | Reached skill level 5 in Polearms
  6327 | D:5      | Reached skill level 7 in Bows
  6459 | D:6      | Found Larghorow's Distillery.
  6472 | D:6      | Reached XP level 9. HP: 37/79 MP: 9/9
  6812 | D:6      | Reached skill level 5 in Dodging
  7386 | D:6      | Found a staircase to the Ecumenical Temple.
  7418 | D:6      | Found a blossoming altar of Fedhas.
  7797 | D:6      | Found a deep blue altar of Sif Muna.
  7799 | D:6      | Found an ancient bone altar of Kikubaaqudgha.
  7799 | D:6      | Found a radiant altar of Vehumet.
  7801 | D:6      | Identified Kikubaaqudgha's Volume of Black Secrets
  8041 | D:7      | Reached skill level 8 in Bows
  8208 | D:7      | Found a sand-covered staircase.
  8220 | Ossuary  | Entered an ossuary
  8611 | Ossuary  | p0werm0de: https://www.youtube.com/watch?v=jiW7NbkhbJ0
  8915 | D:7      | Found a glowing golden altar of the Shining One.
  8948 | D:7      | Found a snail-covered altar of Cheibriados.
  8948 | D:7      | Found a stormy altar of Qazlal.
  9052 | D:8      | p0werm0de: looks good
  9052 | D:8      | p0werm0de: mark, shortbow cursd
  9052 | D:8      | p0werm0de: you got this
  9052 | D:8      | p0werm0de: win/11
  9074 | D:8      | Noticed Maurice
  9084 | D:8      | Killed Maurice
  9322 | D:8      | Reached XP level 10. HP: 88/88 MP: 10/10
  9366 | D:8      | Found the +3 salamander hide armour {+Rage rF++}
  9620 | D:9      | Reached skill level 9 in Bows
  9668 | D:9      | Noticed a two-headed ogre
  9681 | D:9      | Killed a two-headed ogre
  9905 | D:9      | Noticed a two-headed ogre
  9926 | D:9      | Killed a two-headed ogre
 10150 | D:9      | Found a staircase to the Orcish Mines.
 10276 | D:9      | Noticed Erica
 10295 | D:9      | Reached skill level 10 in Bows
 10308 | D:9      | Killed Erica
 10431 | D:9      | Found a staircase to the Lair.
 10570 | D:9      | Noticed a two-headed ogre
 10585 | D:9      | Killed a two-headed ogre
 10585 | D:9      | Reached XP level 11. HP: 53/97 MP: 11/11
 11174 | D:9      | Found a shimmering altar of Xom.
 11381 | D:10     | Entered Level 10 of the Dungeon
 11399 | D:10     | Noticed a two-headed ogre
 11410 | D:10     | Killed a two-headed ogre
 11724 | D:10     | Found Pump's Weapon Emporium.
 11748 | D:10     | Bought a +0 longbow for 49 gold pieces
 11829 | D:10     | Reached skill level 11 in Bows
 11907 | D:10     | Noticed an unseen horror
 11923 | D:10     | Killed an unseen horror
 12033 | D:10     | Noticed Psyche
 12042 | D:10     | Killed Psyche
 12084 | D:10     | Noticed an unseen horror
 12099 | D:10     | Killed an unseen horror
 12099 | D:10     | Reached skill level 10 in Fighting
 12358 | D:11     | HP: 4/99 [hellwing (8)]
 12849 | D:11     | Reached XP level 12. HP: 65/107 MP: 12/12
 13640 | D:12     | Reached skill level 12 in Bows
 14452 | D:13     | Found a shimmering altar of Xom.
 14565 | D:13     | Noticed a four-headed hydra
 14576 | D:13     | Killed a four-headed hydra
 15033 | D:13     | Found a portal to a secret trove of treasure.
 15118 | D:13     | Found a gate to the Vaults.
 15118 | D:13     | Noticed a vault guard
 15118 | D:13     | Noticed a vault guard
 15118 | D:13     | Noticed a vault guard
 15118 | D:13     | Noticed a two-headed ogre
 15119 | D:13     | Noticed a centaur warrior
 15303 | D:13     | Killed a vault guard
 15304 | D:13     | Noticed a vault guard
 15548 | D:13     | Killed a vault guard
 15556 | D:13     | HP: 1/110 [centaur warrior (5)]
 15557 | D:13     | Killed a centaur warrior
 15557 | D:13     | Reached skill level 10 in Polearms
 15809 | D:13     | Killed a vault guard
 15842 | D:13     | Killed a vault guard
 15850 | D:13     | Killed a two-headed ogre
 15850 | D:13     | Reached XP level 13. HP: 59/116 MP: 13/13
 15855 | D:13     | Reached skill level 13 in Bows
 16672 | D:14     | Found a blossoming altar of Fedhas.
 17655 | D:15     | Entered Level 15 of the Dungeon
 17797 | D:15     | Reached skill level 10 in Dodging
 18562 | D:15     | Noticed an ettin
 18590 | D:15     | Hit by a large rock thrown by a cyclops

Vault maps used:
D:1:      lightli_arrival_windingriver
D:2:      zin_academy, nicolae_gozag_seed_capital, serial_bayou,
          serial_bayou_pond_e, serial_bayou_shore_b, serial_bayou_pond_a,
          serial_bayou_pond_a, uniq_crazy_yiuf_cottage, uniq_sigmund
D:3:      lemuel_coloured_pillars_altar
D:4:      dancing_weapons_uskayaw, nicolae_overflow_crystal_walls, serial_shops,
          nicolae_shop_window_shopping, uniq_blork_the_orc, uniq_grinder,
          uniq_natasha
D:5:      first_bread, minivault_24, hangedman_decor_diamond_cutter,
          minmay_misc_feat_room, dk_rats_in_the_wall, uniq_prince_ribbit1
D:6:      grunt_temple_overflow_magic_moments, minmay_temple_entry_junction_2,
          serial_shops, shop, basic_altar
D:7:      lemuel_doored_altar, gammafunk_temple_overflow_wave, enter_ossuary_5
D:8:      hangedman_little_slice_of_home, uniq_maurice
D:9:      lair_entry_dummy, orc_0_dummy, basic_altar, serial_ice, serial_ice_h,
          serial_ice_k, serial_ice_b, serial_ice_o, serial_ice_a, serial_ice_c,
          serial_ice_m, serial_ice_d, serial_ice_n, serial_ice_f,
          kennysheep_small_circle, uniq_erica
D:10:     serial_shops, shop_fountains, uniq_psyche
D:11:     cheibrodos_grave_circle
D:12:     minmay_statue_hallways, serial_bayou_crossing
D:13:     lightli_vaults_fourway_checkpoint, basic_altar,
          nicolae_trove_entry_free_sample, minmay_misc_feat_doors
D:14:     basic_altar, minmay_misc_feat_tiny
D:15:     hangedman_depths_entry_civil_slaughter, minivault_14,
          minmay_misc_feat_cross
Ossuary:  ossuary_tomb_3

Skill      XL: |  1  2  3  4  5  6  7  8  9 10 11 12 13 |
---------------+----------------------------------------+-----
Bows           | 3 4 5 6 7 8 10 11 12 13 | 13.9
Dodging        | 1 2 3 4 5 7 8 9 10 | 10.2
Polearms       | 2 3 4 5 6 7 9 10 11 | 11.0
Fighting       | 5 6 7 8 9 10 11 12 | 12.3
Shields        | |  1.0
Evocations     | |  1.1

Action                   |  1- 3 |  4- 6 |  7- 9 | 10-12 | 13-15 || total
-------------------------+-------+-------+-------+-------+-------++-------
Melee: Spear             |    73 |       |       |       |       ||    73
       Tailslap          |    18 |    23 |    79 |    19 |     2 ||   141
       Hand axe          |    54 |   154 |   588 |       |       ||   796
       Trident           |       |       |       |   157 |    15 ||   172
       Quarterstaff      |       |       |       |    28 |       ||    28
 Fire: Shortbow          |     8 |       |    62 |   358 |       ||   428
       Longbow           |       |       |       |   565 |   377 ||   942
Invok: Potion Petition   |     1 |       |       |       |       ||     1
 Abil: Breathe Steam     |       |       |    24 |    28 |     6 ||    58
Evoke: Wand              |       |     1 |     6 |       |     1 ||     8
  Use: Potion            |       |     3 |     2 |     3 |       ||     8
       Scroll            |       |     3 |     8 |     3 |     9 ||    23
 Stab: Invisible         |     4 |       |       |       |       ||     4
       Sleeping          |       |     1 |       |       |       ||     1
       Distracted        |       |       |     1 |     1 |       ||     2
  Eat: Meat ration       |       |     2 |     1 |     1 |     1 ||     5
       Fruit             |       |       |     8 |     4 |       ||    12
       Bread ration      |       |       |     2 |     1 |       ||     3
       Royal jelly       |       |       |       |     8 |     2 ||    10
Armor: Skin              |    24 |    62 |   270 |   343 |    69 ||   768
Dodge: Dodged            |    67 |   168 |   515 |   656 |   178 ||  1584
